 Dungeon Crawl Stone Soup version 0.28-a0-895-g6e5f11bd55 (webtiles) character file.

Game seed: 11513300885408824376

1143 flyleaff the Shield-Bearer (level 8, -3/60 HPs)
             Began as a Formicid Fighter on Nov 23, 2021.
             Slain by an orc warrior (4 damage)
             ... on level 6 of the Dungeon.
             The game lasted 00:10:31 (9489 turns).

flyleaff the Shield-Bearer (Formicid Fighter)       Turns: 9489, Time: 00:10:31

Health: -3/60      AC:  9    Str: 23    XL:     8   Next: 64%
Magic:  8/8        EV: 11    Int:  8    God:
Gold:   276        SH:  5    Dex: 10    Spells: 7/7 levels left

rFire   . . .      SeeInvis +   t - +1 spear (vamp)
rCold   . . .      Faith    .   c - +0 buckler
rNeg    . . .      Spirit   .   p - +3 leather armour
rPois   .          Reflect  .   (helmet unavailable)
rElec   .          Harm     .   s - +0 cloak
rCorr   .          Rampage  .   B - +0 pair of gloves
Will    +....                   (no boots)
Stlth   +.........              (no amulet)
HPRegen 0.20/turn               u - ring of willpower
MPRegen 0.11/turn               (no ring)

@: mighty
A: permanent stasis, dig shafts and tunnels, antennae 3, four strong arms
a: Dig, Shaft Self


You were on level 6 of the Dungeon.
You visited 1 branch of the dungeon, and saw 6 of its levels.
You also visited: Ossuary.

You collected 276 gold pieces.

Inventory:

Hand Weapons
 a - a +0 long sword
 j - the +0 dagger of the Inferno {vorpal, rPois}
   (You took it off an orc on level 4 of the Dungeon)

   It inflicts extra damage upon your enemies.
   rPois:     It protects you from poison.
 t - a +1 vampiric spear (weapon)
Missiles
 h - 13 poisoned darts (quivered)
 y - 2 throwing nets
Armour
 b - a +0 scale mail
 c - a +0 buckler (worn)
 p - a +3 leather armour (worn)
 s - a +0 cloak (worn)
 B - a +0 pair of gloves (worn)
Jewellery
 u - a ring of willpower (left hand)
Scrolls
 e - a scroll of summoning {unknown}
 f - 3 scrolls of teleportation {unknown}
 g - 2 scrolls of immolation {unknown}
 i - a scroll of amnesia {unknown}
 k - 4 scrolls of identify {unknown}
 m - a scroll of blinking {unknown}
 o - a scroll of magic mapping {unknown}
 r - a scroll of fog {unknown}
 w - a scroll of silence {unknown}
 A - a scroll of fear {unknown}
 C - a scroll of holy word {unknown}
Potions
 d - a potion of flight {unknown}
 l - a potion of lignification
 q - a potion of magic {unknown}
 x - a potion of brilliance {unknown}
 z - a potion of degeneration {unknown}


   Skills:
 - Level 3.8 Fighting
 - Level 5.9 Long Blades
 * Level 2.8 Polearms
 - Level 5.4 Armour
 - Level 6.0 Shields
 - Level 3.7 Unarmed Combat


You had 7 spell levels left.
You didn't know any spells.
Your spell library contained the following spells:

 Spells                   Type           Power      Damage    Failure   Level
 Foxfire                  Conj/Fire      0%         2x1d4     43%         1
 Conjure Flame            Conj/Fire      0%         6-21      82%         3
 Inner Flame              Hex/Fire       0%         N/A       82%         3
 Flame Wave               Conj/Fire      0%         3d3       99%         4


Dungeon Overview and Level Annotations

Branches:
Dungeon (6/15)            Ossuary (visited)
 Temple: D:4-7

Altars:
Qazlal
Beogh


Innate Abilities, Weirdness & Mutations

You cannot be hasted, slowed, berserked, paralysed or teleported.
You can dig through walls and to a lower floor.
You have a pair of large antennae on your head. (SInv)
Your four strong arms can wield two-handed weapons with a shield.


Message History

You barely miss the orc warrior.
The orc warrior is heavily wounded.
The orc warrior hits you with a +0 trident.
You hit the orc warrior but do no damage.
The orc warrior is heavily wounded.
You block the orc warrior's attack.
You hit the orc warrior but do no damage.
The orc warrior is heavily wounded.
The orc warrior hits you with a +0 trident!
* * * LOW HITPOINT WARNING * * *
You barely miss the orc warrior.
The orc warrior is heavily wounded.
The orc warrior hits you with a +0 trident!
* * * LOW HITPOINT WARNING * * *
You feel much better.
The orc warrior hits you with a +0 trident!
* * * LOW HITPOINT WARNING * * *
You closely miss the orc warrior.
The orc warrior is heavily wounded.
The orc warrior hits you with a +0 trident!
* * * LOW HITPOINT WARNING * * *
You hit the orc warrior but do no damage.
The orc warrior is heavily wounded.
You block the orc warrior's attack.
You hit the orc warrior.
The orc warrior is heavily wounded.
You block the orc warrior's attack.
You feel very mighty all of a sudden. The orc warrior closely misses you.
You puncture the orc warrior!
You feel better.
The orc warrior is severely wounded.
The orc warrior hits you but does no damage.
You puncture the orc warrior!
The orc warrior is almost dead.
The orc warrior hits you with a +0 trident!
* * * LOW HITPOINT WARNING * * *
You closely miss the orc warrior.
The orc warrior is almost dead.
The orc warrior hits you with a +0 trident.
You die...

.......<.....(.
#######.##.####
#.#######....##
.............##
###..........####
+..............
#.[........## ....#
#...........# ....#
#........@..# ....#
#......=..o.# ....#
#...........##....#
###+#######..#....##.
##.........
#####......##
####..†......##
..........##<#
..........##.#


You could see an orc warrior.

Vanquished Creatures
  A wraith (Ossuary)
  An ogre (D:3)
  The ghost of Ninjinzu the Chiller, an amateur DrIE (D:4)
  A kobold brigand (D:5)
  2 scorpions (D:5)
  A bullfrog (D:6)
  A bullfrog zombie (D:5)
  A centaur zombie (D:6)
  An orc priest (D:4)
  2 bullfrog skeletons
  A hound (D:5)
  An iguana (D:5)
  2 orc wizards (D:5)
  A killer bee zombie (D:5)
  A hound zombie (D:5)
  3 mummies (Ossuary)
  5 adders
  10 gnolls
  A white imp (D:5)
  4 worms
  3 dart slugs
  13 orcs
  3 ball pythons
  5 endoplasms
  4 giant cockroaches
  5 goblins
  7 hobgoblins
  3 jackals (D:1)
  7 kobolds
  4 quokkas
  6 bats
  6 frilled lizards
  4 goblin zombies (Ossuary)
  2 hobgoblin zombies (Ossuary)
  2 kobold zombies (Ossuary)
  An orc zombie (Ossuary)
  4 rats
120 creatures vanquished.

Vanquished Creatures (others)
  4 plants (D:5)
4 creatures vanquished.

Grand Total: 124 creatures vanquished

Notes
Turn   | Place    | Note
-------+----------+-------------------------------------------
     0 | D:1      | flyleaff the Formicid Fighter began the quest for the Orb.
     0 | D:1      | Reached XP level 1. HP: 18/18 MP: 1/1
   171 | D:1      | Reached XP level 2. HP: 8/24 MP: 2/2
   971 | D:1      | Reached XP level 3. HP: 29/29 MP: 3/3
  1071 | D:1      | Reached skill level 4 in Shields
  1718 | D:2      | Reached XP level 4. HP: 27/35 MP: 4/4
  2466 | D:2      | Reached XP level 5. HP: 17/41 MP: 5/5
  3305 | D:3      | Noticed an ogre
  3334 | D:3      | Killed an ogre
  3335 | D:3      | Reached XP level 6. HP: 24/47 MP: 6/6
  3730 | D:3      | Found a stormy altar of Qazlal.
  4126 | D:4      | Found a sand-covered staircase.
  4135 | Ossuary  | Entered an ossuary
  4135 | Ossuary  | Noticed a wraith
  4135 | Ossuary  | Noticed a wraith
  4135 | Ossuary  | Noticed a wraith
  4338 | Ossuary  | Reached skill level 5 in Shields
  4545 | Ossuary  | Noticed a wraith
  4585 | Ossuary  | Killed a wraith
  4586 | Ossuary  | Reached skill level 5 in Long Blades
  4586 | Ossuary  | Reached XP level 7. HP: 44/52 MP: 7/7
  5322 | D:4      | Found a runed translucent gate.
  5323 | D:4      | Found a runed translucent gate.
  5323 | D:4      | Noticed Ninjinzu's ghost (amateur DrIE)
  5433 | D:4      | Reached skill level 5 in Armour
  5564 | D:4      | Found a runed translucent gate.
  5566 | D:4      | Identified the +0 dagger of the Inferno {vorpal, rPois}
  6487 | D:4      | Killed Ninjinzu's ghost
  6764 | D:5      | Entered Level 5 of the Dungeon
  6961 | D:5      | Reached skill level 6 in Shields
  6964 | D:5      | Reached XP level 8. HP: 41/60 MP: 8/8
  7241 | D:5      | Reached skill level 1 in Unarmed Combat
  8982 | D:6      | Reached skill level 1 in Polearms
  9481 | D:6      | HP: 3/60 [orc warrior (11)]
  9488 | D:6      | HP: 1/60 [orc warrior (13)]
  9489 | D:6      | Slain by an orc warrior

Illustrated notes

Levels and vault maps discovered:
D:1:      dpeg_arrival_windows_large_door, layout_basic, serial_forest,
          infiniplex_forest_straight_2, infiniplex_forest_clump_medium,
          infiniplex_forest_corner_2, infiniplex_forest_corner_1,
          infiniplex_forest_end_2, infiniplex_forest_straight_4,
          infiniplex_forest_lined_2, infiniplex_forest_zigzag_2,
          infiniplex_forest_diagonal, chequers_jeans
D:2:      layout_basic
D:3:      layout_loops_ring, nicolae_qazlal_scattered_showers,
          grunt_decor_junction
D:4:      layout_layer_cave, nicolae_ossuary_entry_ruins,
          biasface_ghost_orc_armoury, chequers_mini_garden, amethyst_killhole,
          serial_bayou_pond_d
D:5:      layout_basic, chequers_serial_rivers_large_b, roderic_roman_lattice,
          lexackson_kobold_supper
D:6:      layout_basic

Skill      XL: |  1  2  3  4  5  6  7  8 |
---------------+-------------------------+-----
Shields        | 4 5 6 |  6.0
Long Blades    | 3 4 5 |  5.9
Armour         | 4 5 |  5.4
Unarmed Combat | 3 |  3.7
Polearms       | 2 |  2.8
Fighting       | |  3.8

Action                   |  1- 3 |  4- 6 |  7- 9 || total
-------------------------+-------+-------+-------++-------
Melee: Long sword        |    83 |   166 |   243 ||   492
       Spear             |       |       |    29 ||    29
  Use: Potion            |       |     6 |     5 ||    11
Armor: Scale mail        |    42 |    48 |    26 ||   116
       Skin              |       |    20 |       ||    20
       Leather armour    |       |       |    80 ||    80
Dodge: Dodged            |    38 |    67 |   109 ||   214
Block: Buckler           |    22 |    28 |    56 ||   106

Table legend: (Time is in decaauts)
 A = Elapsed time spent in this place.
 B = Non-inter-level travel time spent in this place.
 C = Inter-level travel time spent in this place.
 D = Time resting spent in this place.
 E = Time spent auto-exploring this place.
 F = Levels seen in this place.
 G = Mean time per level.
                   A        B        C        D        E       F      G
               +--------+--------+--------+--------+--------+-----+--------+
         Total |   9600 |   9304 |    296 |    323 |   7761 |   7 | 1371.4 |
       Dungeon |   8823 |   8527 |    296 |    323 |   7127 |   6 | 1470.5 |
       Ossuary |    776 |    776 |      0 |      0 |    634 |   1 |  776.0 |
               +--------+--------+--------+--------+--------+-----+--------+

Top non-repeatable levels by time:
     D:5: 2589 daAuts
     D:4: 1884 daAuts
     D:1: 1631 daAuts
     D:2: 1627 daAuts
     D:3: 910 daAuts
 Ossuary: 776 daAuts
     D:6: 180 daAuts
